 Dungeon Crawl Stone Soup version 0.20.1-1-g8b1a95d (webtiles) character file.

66 veneficus the Poker (level 4, -2/33 HPs)
             Began as a Merfolk Skald on Nov 3, 2017.
             Slain by an orc wizard
             ... wielding a +0 dagger
              (4 damage)
             ... on level 3 of the Dungeon.
             The game lasted 00:04:32 (2079 turns).

veneficus the Poker (Merfolk Skald)                 Turns: 2079, Time: 00:04:33

Health: -2/33      AC:  6    Str: 11    XL:     4   Next: 15%
Magic:  7/7        EV: 12    Int: 12    God:
Gold:   46         SH:  0    Dex: 14    Spells: 2/7 levels left

rFire    . . .     SeeInvis .   a - +0 spear
rCold    . . .     Gourm    .   (no shield)
rNeg     . . .     Faith    .   b - +0 leather armour
rPois    .         Spirit   .   (no helmet)
rElec    .         Reflect  .   (no cloak)
rCorr    .         Harm     .   m - +2 pair of gloves
MR       .....                  (no boots)
Stlth    +.........             (no amulet)
Regen    0.2/turn               (no ring)
MPRegen  0.1/turn               (no ring)

@: flying
A: change form in water, swift swim, stealthy swim
a: no special abilities


You were on level 3 of the Dungeon.
You were not hungry.

You visited 1 branch of the dungeon, and saw 3 of its levels.

You collected 46 gold pieces.

Inventory:

Hand Weapons
 a - a +0 spear (weapon)
Armour
 b - a +0 leather armour (worn)
 m - a +2 pair of gloves (worn)
Jewellery
 p - a +2 ring of intelligence {unknown}
Scrolls
 e - 2 scrolls of fog {unknown}
 h - 3 scrolls of remove curse {unknown}
 i - 2 scrolls of identify {unknown}
 n - a scroll of amnesia {unknown}
Potions
 g - a potion of flight
 j - a potion of brilliance {unknown}
 k - a potion of haste {unknown}
 l - 3 potions of curing
 o - a potion of ambrosia {unknown}
 q - a potion of agility {unknown}
Books
 c - a book of Battle

   Spells                             Type                      Level
   a - Infusion                       Charms                       1
   b - Shroud of Golubria             Charms/Translocation         2
   c - Song of Slaying                Charms                       2
   d - Spectral Weapon                Hexes/Charms                 3
   e - Regeneration                   Charms/Necromancy            3
Comestibles
 d - a bread ration
 f - 3 meat rations


   Skills:
 - Level 2.1 Fighting
 + Level 4.8 Polearms
 - Level 0.6 Armour
 - Level 2.6 Dodging
 - Level 2.0 Spellcasting
 + Level 4.4 Charms


You had 2 spell levels left.
You knew the following spells:

 Your Spells              Type           Power        Failure   Level  Hunger
a - Infusion              Chrm           ##..         5%          1    ##.....
b - Shroud of Golubria    Chrm/Tloc      #.........   22%         2    ###....
c - Song of Slaying       Chrm           ##......     9%          2    ###....


Dungeon Overview and Level Annotations

Branches:
Dungeon (3/15)

Altars:


Message History

You hit something. Something hits you.
* * * LOW HITPOINT WARNING * * *
You take 2 damage, and have 4/33 hp.
You closely miss something.
It was a potion of flight.
You feel very buoyant.
You fly up into the air.
An orc wizard appears from thin air!
Reactivating autopickup.
The orc wizard hits you with a dagger.
* * * LOW HITPOINT WARNING * * *
You take 2 damage, and have 2/33 hp.
Warning x2: The orc wizard might cast Slow, Confuse, Throw Flame, Throw Frost, or go Invisible! x2
You hit the orc wizard.
The orc wizard casts a spell.
The orc wizard flickers and vanishes!
Deactivating autopickup; reactivate with Ctrl-A.
You hit something.
The orc wizard gestures wildly while chanting.
The orc wizard blinks!
Something hits you.
You die...

###### ###....# ###
#......###
..###........#
.......#####.##
#.##...#...#..##########
#.##..#...#..§b{@.......
#.##...#...#..##########
.......#####...oob....
...#.#.......####...##
).(#.#.....[.. ...
.....###.)##.# #
.....#$...... .....#.##
#. ...#.# #.


You could see a bat.

Vanquished Creatures
  A gnoll (D:3)
  An adder (D:2)
  3 dart slugs
  4 leopard geckos
  An orc (D:3)
  2 giant cockroaches
  5 hobgoblins
  A jackal (D:3)
  A ball python (D:2)
  6 bats
  A frilled lizard (D:1)
  A goblin (D:2)
  7 kobolds
  6 rats
40 creatures vanquished.

Notes
Turn   | Place    | Note
-------+----------+-------------------------------------------
     0 | D:1      | veneficus the Merfolk Skald began the quest for the Orb.
     0 | D:1      | Reached XP level 1. HP: 16/16 MP: 3/3
   277 | D:1      | Reached XP level 2. HP: 22/22 MP: 5/5
  1174 | D:2      | Reached XP level 3. HP: 23/27 MP: 2/6
  1492 | D:2      | Learned a level 2 spell: Shroud of Golubria
  1495 | D:2      | Learned a level 2 spell: Song of Slaying
  1983 | D:3      | Reached XP level 4. HP: 30/33 MP: 2/7
  2079 | D:3      | Slain by an orc wizard

Skill      XL: |  1  2 |
---------------+-------+-----
Polearms       | 4 |  4.8
Charms         | 4 |  4.4
Fighting       | |  2.1
Armour         | |  0.6
Dodging        | |  2.6
Spellcasting   | |  2.0

Action                   |  1- 3 |  4- 6 || total
-------------------------+-------+-------++-------
Melee: Spear             |   141 |    34 ||   175
 Cast: Infusion          |     7 |       ||     7
       Shroud of Golubri |       |     1 ||     1
  Use: Potion            |       |     2 ||     2
  Eat: Chunk             |     3 |     1 ||     4
Armor: Leather armour    |    25 |    12 ||    37
Dodge: Dodged            |    72 |     8 ||    80
